 Dungeon Crawl Stone Soup version 0.19.0-20-gbc5f0c6 (webtiles) character file.

600 Haldmier the Basher (level 7, -6/56 HPs)
             Began as a Hill Orc Gladiator on Nov 17, 2016.
             Mangled by a centaur (7 damage)
             ... on level 5 of the Dungeon.
             The game lasted 00:09:56 (4597 turns).

Haldmier the Basher (Hill Orc Gladiator)            Turns: 4597, Time: 00:09:57

Health: -6/56      AC:  7    Str: 23    XL:     7   Next: 41%
Magic:  7/7        EV: 12    Int: 10    God:
Gold:   149        SH:  0    Dex: 11    Spells: 0 memorised, 6 levels left

rFire  . . .     SeeInvis .     z - +2 flail (holy)
rCold  . . .     Gourm    .     b - +0 leather armour
rNeg   . . .     Faith    .     (no shield)
rPois  .         Spirit   .     c - +0 helmet
rElec  .         Reflect  .     j - +1 cloak
rCorr  .         Harm     .     u - +0 pair of gloves
MR     .....                    (no boots)
Stlth  +.........               (no amulet)
                                (no ring)
                                (no ring)

@: mighty, slowed, very slow
A: no striking features
a: no special abilities


You were on level 5 of the Dungeon.
You were near starving.

You visited 1 branch of the dungeon, and saw 5 of its levels.

You collected 149 gold pieces.

Inventory:

Hand Weapons
 a - a +0 flail
 x - a +0 blowgun
 z - a +2 flail of holy wrath (weapon)
Missiles
 y - 18 poisoned needles
 E - 3 throwing nets (quivered)
Armour
 b - a +0 leather armour (worn)
 c - a +0 helmet (worn)
 j - a +1 cloak (worn)
 u - a +0 pair of gloves (worn)
Jewellery
 h - a cursed -2 ring of strength {unknown}
 v - an uncursed ring of wizardry {unknown}
Wands
 d - a wand of digging (3/24)
 s - a wand of lightning (6/15)
Scrolls
 i - a scroll of amnesia {unknown}
 l - 2 scrolls of remove curse {unknown}
 m - 2 scrolls of immolation {unknown}
 n - a scroll of blinking {unknown}
 o - 6 scrolls of identify {unknown}
 p - 4 scrolls of magic mapping {unknown}
 q - 2 scrolls of enchant weapon {unknown}
 r - 3 scrolls of teleportation {unknown}
 t - a scroll of fog {unknown}
 B - a scroll of fear {unknown}
Potions
 e - a potion of might
 g - a potion of brilliance {unknown}
 k - a potion of flight {unknown}
 w - a potion of magic {unknown}
 C - a potion of lignification {unknown}
Comestibles
 f - 3 bread rations
 A - a beef jerky
 D - a fruit
 F - a meat ration


   Skills:
 - Level 2.4 Fighting
 + Level 9.1 Maces & Flails
 - Level 1.7 Throwing
 - Level 2.4 Dodging


You had 6 spell levels left.
You didn't know any spells.

Dungeon Overview and Level Annotations

Branches:
Dungeon (5/15)
 Temple: D:4-7

Altars:
Dithmenos
Nemelex Xobeh
Ru
Zin
The Shining One

Shops:
D:4 }

Annotations:
D:5 TheWoodenMan's ghost, novice OpEE


Message History

a dagger; a robe You hit the centaur.
The centaur is lightly wounded.
The centaur hits you but does no damage.
The centaur hits you.
You hit the centaur.
The centaur is lightly wounded.
The centaur hits you! The centaur hits you.
* * * LOW HITPOINT WARNING * * *
You closely miss the centaur.
The centaur is lightly wounded.
You are near starving!
The centaur hits you!
* * * LOW HITPOINT WARNING * * *
The centaur hits you!
* * * LOW HITPOINT WARNING * * *
It was a potion of might.
You feel very mighty all of a sudden. The centaur barely misses you.
The centaur hits you!
You die...

### ..##
##..##
#....#######
#.........c.
#..).######
###c## #@#
#(# ##(##
##...##
###.....##
#..<.....#
#.#
#....(.....#
...
+............
#.#
#.........###


You could see a centaur.

Vanquished Creatures
  Duvessa (D:5)
  Dowan (D:5)
  A crimson imp (D:5)
  2 hounds
  A worker ant (D:4)
  Ijyb (D:3)
  Terence (D:3)
  Robin (D:3)
  8 gnolls
  5 adders
  3 oozes
  An adder skeleton (D:4)
  4 worms
  A dart slug (D:2)
  A leopard gecko (D:2)
  2 orcs
  3 giant cockroaches
  9 hobgoblins
  4 jackals (D:3)
  5 kobolds
  A quokka (D:5)
  2 ball pythons
  4 bats
  3 frilled lizards
  18 goblins
  A jackal skeleton (D:3)
  6 rats
90 creatures vanquished.

Vanquished Creatures (others)
  2 orc wizards (D:5)
  An orc (D:5)
3 creatures vanquished.

Grand Total: 93 creatures vanquished

Notes
Turn   | Place    | Note
-------+----------+-------------------------------------------
     0 | D:1      | Haldmier the Hill Orc Gladiator began the quest for the Orb.
     0 | D:1      | Reached XP level 1. HP: 18/18 MP: 1/1
    63 | D:1      | You fall through a shaft!
   256 | D:1      | Reached XP level 2. HP: 25/25 MP: 2/2
   266 | D:1      | Reached skill level 4 in Maces & Flails
   555 | D:1      | Found a sparkling altar of Nemelex Xobeh.
   680 | D:2      | Reached XP level 3. HP: 28/30 MP: 3/3
   923 | D:2      | Reached skill level 5 in Maces & Flails
  1333 | D:2      | Reached XP level 4. HP: 34/37 MP: 4/4
  1816 | D:3      | Noticed Ijyb
  1833 | D:3      | Killed Ijyb
  1833 | D:3      | Reached skill level 6 in Maces & Flails
  1845 | D:3      | Found a shadowy altar of Dithmenos.
  1875 | D:3      | Reached XP level 5. HP: 39/42 MP: 5/5
  2152 | D:3      | Noticed Robin
  2163 | D:3      | Killed Robin
  2266 | D:3      | Noticed Terence
  2314 | D:3      | Killed Terence
  2513 | D:3      | Reached skill level 7 in Maces & Flails
  2713 | D:3      | Reached XP level 6. HP: 44/50 MP: 6/6
  3221 | D:4      | Found a sacrificial altar of Ru.
  3255 | D:4      | Found Wetre's Gadget Shoppe.
  3288 | D:4      | Found a glowing golden altar of the Shining One.
  3718 | D:5      | Entered Level 5 of the Dungeon
  3723 | D:5      | Reached skill level 8 in Maces & Flails
  3747 | D:5      | Found a glowing silver altar of Zin.
  3783 | D:5      | Noticed Duvessa
  3784 | D:5      | Noticed Dowan
  3830 | D:5      | Killed Duvessa
  3830 | D:5      | Reached XP level 7. HP: 10/56 MP: 7/7
  4104 | D:5      | Killed Dowan
  4275 | D:5      | Reached skill level 9 in Maces & Flails
  4282 | D:5      | Noticed TheWoodenMan's ghost (novice OpEE)
  4596 | D:5      | HP: 1/56 [centaur (7)]
  4597 | D:5      | Mangled by a centaur

Skill      XL: |  1  2  3  4  5  6  7 |
---------------+----------------------+-----
Maces & Flails | 4 5 6 7 8 9 |  9.1
Fighting       | |  2.4
Throwing       | |  1.7
Dodging        | |  2.4

Action                   |  1- 3 |  4- 6 |  7- 9 || total
-------------------------+-------+-------+-------++-------
Melee: Flail             |   107 |   213 |    48 ||   368
Throw: Throwing net      |       |       |     3 ||     3
  Use: Potion            |       |       |     1 ||     1
  Eat: Chunk             |     1 |     7 |       ||     8
       Fruit             |       |       |     3 ||     3
Armor: Leather armour    |    46 |    56 |    15 ||   117
Dodge: Dodged            |    78 |   100 |    29 ||   207
